 Dungeon Crawl Stone Soup version 0.30-a0-118-ga018f8e90f (webtiles) character file.

Game seed: 482843697349322471

2457 MisterAzrael the Thaumaturge (level 9, -12/45 HPs)
             Began as a Deep Elf Conjurer on Sept 14, 2022.
             Was a Follower of Vehumet.
             Mangled by a yak (15 damage)
             ... on level 8 of the Dungeon.
             The game lasted 00:08:21 (6251 turns).

MisterAzrael the Thaumaturge (Deep Elf Conjurer)    Turns: 6251, Time: 00:08:22

Health: -12/45     AC:  5    Str:  4    XL:     9   Next: 26%
Magic:  5/25       EV: 12    Int: 28    God:    Vehumet [*.....]
Gold:   288        SH:  0    Dex: 13    Spells: 15/28 levels left

rFire   . . .      SeeInvis .    p - +3 falchion "Ijefrur" {elec, rC+ rCorr Stlth-}
rCold   + . .      Faith    +    (no shield)
rNeg    . . .      Spirit   .    o - +0 steam dragon scales
rPois   .          Reflect  .    (no helmet)
rElec   .          Harm     .    (no cloak)
rCorr   +          Rampage  .    (no gloves)
Will    .....                    (no boots)
Stlth   +.........               h - amulet of faith
HPRegen 0.15/turn                (no ring)
MPRegen 0.19/turn                (no ring)

@: no status effects
A: no striking features
a: Renounce Religion


You were on level 8 of the Dungeon.
You worshipped Vehumet.
Vehumet was aware of your devotion.
You visited 2 branches of the dungeon, and saw 8 of its levels.

You collected 288 gold pieces.

Inventory:

Hand Weapons
 p - the +3 falchion "Ijefrur" (weapon) {elec, rC+ rCorr Stlth-}
   (You found it on level 3 of the Dungeon)

   It occasionally discharges a powerful burst of electricity upon striking a
   foe.
   rC:        It protects you from cold.
   rCorr:     It protects you from acid and corrosion.
   Stlth:     It makes you less stealthy.
Armour
 a - a +0 robe
 m - a +2 ring mail of poison resistance
 o - +0 steam dragon scales (worn)
Magical Staves
 b - a staff of cold
Jewellery
 h - an amulet of faith (around neck)
 n - an amulet of magic regeneration
Wands
 g - a wand of charming (11)
Scrolls
 d - 2 scrolls of identify
 j - 3 scrolls of teleportation
 k - a scroll of torment
 l - a scroll of noise
 u - a scroll of enchant armour {unknown}
 v - 2 scrolls of amnesia {unknown}
 w - a scroll of poison {unknown}
 x - 2 scrolls of silence {unknown}
Potions
 c - 2 potions of brilliance {unknown}
 e - 2 potions of degeneration {unknown}
 f - 2 potions of heal wounds {unknown}
 i - 4 potions of might {unknown}
 q - a potion of resistance {unknown}
 s - 2 potions of curing {unknown}
 t - a potion of lignification {unknown}


   Skills:
 - Level 2.9 Dodging
 - Level 3.1 Stealth
 * Level 10.3 Spellcasting
 + Level 9.0 Conjurations
 * Level 6.3 Necromancy
 + Level 4.0 Ice Magic


You had 15 spell levels left.
You knew the following spells:

 Your Spells              Type           Power      Damage    Failure   Level
a - Magic Dart            Conj           100%       1d8       1%          1
b - Stone Arrow           Conj/Erth      78%        3d11      1%          3
c - Dazzling Flash        Conj/Hex       78%        N/A       1%          3
d - Simulacrum            Ice/Necr       21%        N/A       58%         6

Your spell library contained the following spells:

 Spells                   Type           Power      Damage    Failure   Level
 Freeze                   Ice            100%       1d11      1%          1
 Searing Ray              Conj           100%       2d8       1%          2
 Ozocubu's Armour         Ice            36%        N/A       2%          3
 Beastly Appendage        Tmut           28%        N/A       3%          1
 Sandblast                Erth           28%        2d8       3%          1
 Passwall                 Tmut/Erth      11%        N/A       6%          2
 Wereblood                Tmut           14%        N/A       6%          2
 Fulminant Prism          Conj/Hex       19%        3d11      6%          4
 Iskenderun's Mystic Bla  Conj/Tloc      39%        2d9       6%          4
 Agony                    Necr           49%        N/A       9%          5
 Spider Form              Tmut/Pois      14%        N/A       12%         3
 Metabolic Englaciation   Hex/Ice        12%        N/A       43%         5
 Silence                  Hex/Air        7%         N/A       71%         5


Dungeon Overview and Level Annotations

Branches:
Dungeon (6/15)             Temple (1/1) D:4

Altars:
Ashenzari
Cheibriados
Dithmenos
Elyvilon
Hepliaklqana
Kikubaaqudgha
Makhleb
Nemelex Xobeh
Okawaru
Qazlal
Ru
Uskayaw
Vehumet
Wu Jian
Xom
Yredelemnul
Zin
The Shining One

Shops:
D:5 *


Message History

The yak is almost dead.
A yak comes into view.
The stone arrow hits the yak!!
The yak is severely wounded.
The stone arrow hits the yak!
The yak is almost dead.
The yak closely misses you.
The stone arrow hits the yak!
You kill the yak!
Vehumet accepts your kill. The yak gores you.
Your Spellcasting skill increases to level 10!
The stone arrow hits the yak!!
You kill the yak!
Vehumet accepts your kill. The yak closely misses you.
Your Necromancy skill increases to level 6!
The stone arrow misses the yak.
The stone arrow hits the yak!!
The yak is heavily wounded.
The yak gores you.
The stone arrow hits the yak!!
You kill the yak!
Vehumet accepts your kill.
You feel your power returning. The yak closely misses you. The yak gores you.
Your Conjurations skill increases to level 9!
Your Ice Magic skill increases to level 4!
The yak closely misses you. The yak misses you.
The yak attacks as you move away! The yak gores you!
The yak attacks as you move away! The yak closely misses you.
A centaur comes into view.
The centaur shouts!
The centaur wields a +0 shortbow.
The centaur shoots an arrow.
The arrow hits you!
* * * LOW HITPOINT WARNING * * *
The yak attacks as you move away! The yak gores you!
* * * LOW HITPOINT WARNING * * *
The centaur shoots an arrow.
The arrow closely misses you.
The arrow hits the yak!
The yak attacks as you move away! The yak gores you!
You die...

.............#
.............#
###.....######
#.....# #.....#
#.....############
.###+##...........#
......#...Y.......#
......†...Y@......#
###..##†..Y.......#
# ####+#......#
......# ....c.#
......# ......#
......#


You could see 3 yaks and a centaur.

Vanquished Creatures
  Prince Ribbit (D:6)
  A vampire (D:5)
  3 yaks (D:8)
  A steam dragon (D:8)
  Edmund (D:6)
  Menkaure (D:4)
  An orc warrior (D:6)
  2 black bears
  An ogre (D:5)
  A phantom (D:5)
  A kobold brigand (D:6)
  A bullfrog (D:8)
  2 scorpions
  2 howler monkeys
  5 hounds
  4 orc wizards (D:8)
  Natasha (thrice) (D:4)
  2 iguanas (D:6)
  8 adders
  2 ufetubi
  A worm (D:4)
  2 dart slugs (D:4)
  8 orcs
  4 bats
  6 endoplasms
  6 goblins
  5 hobgoblins
  7 jackals
  4 quokkas
  6 ball pythons
  3 frilled lizards
  11 kobolds
  3 rats (D:2)
109 creatures vanquished.

Notes
Turn   | Place    | Note
-------+----------+-------------------------------------------
     0 | D:1      | MisterAzrael the Deep Elf Conjurer began the quest for the
                  | Orb.
     0 | D:1      | Reached XP level 1. HP: 10/10 MP: 6/6
    64 | D:1      | Found a faded altar of an unknown god.
   354 | D:2      | Reached XP level 2. HP: 15/15 MP: 2/8
   765 | D:2      | Reached XP level 3. HP: 19/19 MP: 8/10
  1385 | D:3      | Reached skill level 5 in Conjurations
  1525 | D:3      | Found an ornate altar of the Wu Jian Council.
  1560 | D:3      | Found a faded altar of an unknown god.
  1564 | D:3      | Found an iron altar of Okawaru.
  1617 | D:3      | Identified the +3 falchion "Ijefrur" {elec, rC+ rCorr
                  | Stlth-}
  1777 | D:3      | Reached skill level 4 in Spellcasting
  1816 | D:3      | Reached XP level 4. HP: 24/24 MP: 9/12
  2097 | D:4      | Noticed Natasha
  2100 | D:4      | Killed Natasha
  2150 | D:4      | Noticed Natasha
  2153 | D:4      | Killed Natasha
  2154 | D:4      | Reached XP level 5. HP: 28/28 MP: 9/13
  2166 | D:4      | Noticed Natasha
  2169 | D:4      | Killed Natasha
  2199 | D:4      | Noticed Menkaure
  2206 | D:4      | Killed Menkaure
  2207 | D:4      | Reached skill level 5 in Spellcasting
  2207 | D:4      | Reached XP level 6. HP: 17/32 MP: 8/15
  2353 | D:4      | Learned a level 3 spell: Stone Arrow
  2357 | D:4      | Learned a level 3 spell: Dazzling Flash
  2681 | D:4      | Found a glowing golden altar of the Shining One.
  2684 | D:4      | Noticed an angel
  2923 | D:4      | Found a staircase to the Ecumenical Temple.
  2931 | D:4      | Identified the +3 scale mail "Ogretron" {rElec Dex+4}
  2953 | Temple   | Entered the Ecumenical Temple
  3175 | Temple   | Became a worshipper of Vehumet
  3338 | D:4      | Found a basalt altar of Yredelemnul.
  3360 | D:4      | Noticed a profane servitor
  3568 | D:5      | Entered Level 5 of the Dungeon
  3587 | D:5      | Identified the +6 dagger of Defiance {spect, rElec rC-
                  | Int+5}
  3804 | D:5      | Reached skill level 6 in Spellcasting
  3855 | D:5      | Reached XP level 7. HP: 24/36 MP: 14/18
  4042 | D:5      | Noticed a vampire
  4047 | D:5      | Killed a vampire
  4048 | D:5      | Reached skill level 7 in Spellcasting
  4128 | D:5      | Learned a level 6 spell: Simulacrum
  4221 | D:5      | Reached skill level 1 in Necromancy
  4273 | D:5      | Found Ushucw's Neck Hole.
  4322 | D:5      | Reached skill level 1 in Ice Magic
  4467 | D:5      | Reached skill level 8 in Spellcasting
  4511 | D:5      | Reached XP level 8. HP: 41/41 MP: 12/22
  4957 | D:6      | Noticed Edmund
  4958 | D:6      | Noticed Prince Ribbit
  4964 | D:6      | Killed Edmund
  4964 | D:6      | Reached * piety under Vehumet
  4964 | D:6      | Offered knowledge of Freeze by Vehumet.
  4971 | D:6      | Killed Prince Ribbit
  4972 | D:6      | Reached skill level 9 in Spellcasting
  5832 | D:6      | You fall into a shaft and drop 2 floors!
  5842 | D:8      | Reached skill level 5 in Necromancy
  6035 | D:8      | Reached XP level 9. HP: 18/45 MP: 17/24
  6244 | D:8      | Reached skill level 10 in Spellcasting
  6251 | D:8      | Mangled by a yak

Illustrated notes

Levels and vault maps discovered:
D:1:      moated_graveyard_arrival, layout_basic,
          shapermc_ecumenical_altar_totnotflames, dk_noncrumbling_2
D:2:      layout_basic
D:3:      layout_basic, nicolae_overflow_ecumenical_swirl,
          mainiacjoe_overflow_cross_hatched, kennysheep_decorative_pillar
D:4:      layout_cave_pools, grunt_temple_overflow_holy_war,
          minmay_temple_entry_tees, eino_curves_04, uniq_natasha, uniq_menkaure
D:5:      layout_basic, nicolae_shop_sticking_my_neck_out
D:6:      layout_loops_ring, chequers_serial_rivers_micro_c,
          dilly_guarded_unrand_morg, uniq_blork_the_orc, uniq_edmund,
          uniq_prince_ribbit1
D:8:      cheibrodos_elevator_heist, layout_gridville, enter_bailey_3
Temple:   dpeg_chambers_temple

Skill      XL: |  1  2  3  4  5  6  7  8  9 |
---------------+----------------------------+-----
Stealth        | 3 |  3.1
Conjurations   | 5 6 7 8 9 |  9.0
Spellcasting   | 4 5 6 8 9 10 | 10.3
Necromancy     | 2 5 6 |  6.3
Ice Magic      | 1 3 4 |  4.0
Dodging        | |  2.9

Action                   |  1- 3 |  4- 6 |  7- 9 || total
-------------------------+-------+-------+-------++-------
Melee: Falchion          |       |       |     3 ||     3
 Cast: Magic Dart        |    67 |    25 |       ||    92
       Stone Arrow       |       |    25 |    73 ||    98
  Use: Scroll            |       |     5 |     2 ||     7
       Potion            |       |       |     1 ||     1
Armor: Robe              |       |       |     3 ||     3
Dodge: Dodged            |     2 |       |    17 ||    19

Table legend: (Time is in decaauts)
 A = Elapsed time spent in this place.
 B = Non-inter-level travel time spent in this place.
 C = Inter-level travel time spent in this place.
 D = Time resting spent in this place.
 E = Time spent auto-exploring this place.
 F = Levels seen in this place.
 G = Mean time per level.
                   A        B        C        D        E       F      G
               +--------+--------+--------+--------+--------+-----+--------+
         Total |   6260 |   6053 |    207 |   1227 |   4229 |   8 |  782.5 |
       Dungeon |   6021 |   5832 |    189 |   1227 |   4038 |   7 |  860.1 |
        Temple |    238 |    220 |     18 |      0 |    191 |   1 |  238.0 |
               +--------+--------+--------+--------+--------+-----+--------+

Top non-repeatable levels by time:
     D:4: 1319 daAuts
     D:5: 1271 daAuts
     D:2: 1085 daAuts
     D:6: 992 daAuts
     D:3: 639 daAuts
     D:8: 419 daAuts
     D:1: 294 daAuts
  Temple: 238 daAuts
